 Dungeon Crawl Stone Soup version 0.25-a0-41-g6cf4ce537d (webtiles) character file.

Game seed: 5981239682789174708, levelgen mode: deterministic

72 Alarkh the Skirmisher (level 4, 28/35 HPs)
             Began as a Demonspawn Fighter on Oct 21, 2019.
             Got out of the dungeon alive.
             The game lasted 00:00:40 (755 turns).

Alarkh the Skirmisher (Demonspawn Fighter)           Turns: 755, Time: 00:00:41

Health: 28/35      AC:  6    Str: 16    XL:     4   Next: 7%
Magic:  4/4        EV:  9    Int: 11    God:
Gold:   41         SH:  8    Dex: 12    Spells: 3/3 levels left

rFire    . . .     SeeInvis .   a - +0 long sword
rCold    . . .     Gourm    .   c - +0 shield
rNeg     . . .     Faith    .   b - +0 scale mail
rPois    .         Spirit   .   (helmet restricted)
rElec    .         Reflect  .   (no cloak)
rCorr    .         Harm     .   (no gloves)
MR       .....                  (no boots)
Stlth    ..........             (no amulet)
HPRegen  0.11/turn              (no ring)
MPRegen  0.09/turn              (no ring)

@: no status effects
A: antennae 1, repulsion field 1
a: no special abilities


You escaped.
You were not hungry.

You visited 1 branch of the dungeon, and saw 2 of its levels.

You collected 41 gold pieces.

Inventory:

Hand Weapons
 a - a +0 long sword (weapon)
Armour
 b - a +0 scale mail (worn)
 c - a +0 shield (worn)
Jewellery
 l - an uncursed ring of magical power {unknown}
Scrolls
 h - 2 scrolls of identify {unknown}
 i - a scroll of enchant armour {unknown}
 k - a scroll of enchant weapon {unknown}
Potions
 d - a potion of might
 e - a potion of flight {unknown}
 j - a potion of heal wounds {unknown}
 m - a potion of curing {unknown}
Comestibles
 f - 4 rations
 g - 8 chunks of flesh


   Skills:
 - Level 3.3 Fighting
 + Level 3.2 Long Blades
 - Level 2.9 Armour
 - Level 0.3 Dodging
 - Level 3.0 Shields


You had 3 spell levels left.
You didn't know any spells.
Your spell library was empty.

Dungeon Overview and Level Annotations

Branches:
Dungeon (2/15)

Altars:
Sif Muna


Innate Abilities, Weirdness & Mutations

You have a pair of small antennae on your head.
You are surrounded by a mild repulsion field. (EV +2)


Message History

You slash the centaur skeleton!
The centaur skeleton is severely damaged.
The centaur skeleton closely misses you.
A centaur skeleton is nearby!
You hit the centaur skeleton but do no damage.
The centaur skeleton is severely damaged.
The centaur skeleton barely misses you.
You riposte.
You slash the centaur skeleton!
You destroy the centaur skeleton!
Your Long Blades skill increases to level 3!
You have reached level 4!
You feel clever.
Your demonic ancestry asserts itself...
A pair of antennae grows on your head!
There is an escape hatch in the ceiling here.
A mysterious force pulls you upwards. The hatch slams shut behind you.
Unknown command.
HP restored.
There is a staircase leading out of the dungeon here.
Are you sure you want to leave the Dungeon?
This will make you lose the game!
You have escaped!

......#.# ### ### #..# ......#.#
#.###.# #..# ......#.## #.....#
#..# ......#..# ###.#.#.###
#..###### ......##.# #.........#
#.......#
########.###.#.#.#.#.###.#####.#
#.......#.#.......# #.#
#.#.#.###.###.#.#.# #.#
#.#......@......#.# #.##
#.#.#.###.###.#.#.# #...
#######.......#.#.......# ####
##.....#.###.#.#.#.#.###.#
.......#...#.........#...#
..)....###.###.#.#.###.#######
........รท)..>#.....#.........#
..##+#######.#.###.#.#.......#
..##.#...............#.......#


There were no monsters in sight!

Vanquished Creatures
  A centaur skeleton (D:2)
  A dart slug (D:1)
  A leopard gecko (D:1)
  5 bats
  3 giant cockroaches
  2 goblins (D:1)
  4 hobgoblins (D:1)
  7 jackals (D:1)
  7 kobolds (D:1)
  A ball python (D:2)
  A frilled lizard (D:1)
  5 rats
38 creatures vanquished.

Notes
Turn   | Place    | Note
-------+----------+-------------------------------------------
     0 | D:1      | Alarkh the Demonspawn Fighter began the quest for the Orb.
     0 | D:1      | Reached XP level 1. HP: 18/18 MP: 1/1
    63 | D:1      | Gained mutation: You are surrounded by a mild repulsion
                  | field. (EV +2) [demonic ancestry]
    63 | D:1      | Reached XP level 2. HP: 23/24 MP: 2/2
   482 | D:1      | Reached XP level 3. HP: 29/29 MP: 3/3
   663 | D:2      | Found a shimmering blue altar of Sif Muna.
   726 | D:2      | Gained mutation: You have a pair of small antennae on your
                  | head. [demonic ancestry]
   726 | D:2      | Reached XP level 4. HP: 25/35 MP: 4/4
   755 | D:$      | Got out of the dungeon alive.

Levels and vault maps discovered:
D:1:      roderic_chinese_lattice_arrival, layout_basic, columned_hall_lemuel
D:2:      layout_basic, lemuel_doored_altar, first_ration, minmay_tall_x,
          uniq_natasha

Skill      XL: |  1  2  3 |
---------------+----------+-----
Long Blades    | 2 3 |  3.2
Shields        | 3 |  3.0
Fighting       | |  3.3
Armour         | |  2.9
Dodging        | |  0.3

Action                   |  1- 3 |  4- 6 || total
-------------------------+-------+-------++-------
Melee: Long sword        |   124 |       ||   124
Armor: Scale mail        |    48 |       ||    48
Dodge: Dodged            |    56 |       ||    56
Block: Shield            |    63 |       ||    63
       Rpst.: Long sword |    13 |       ||    13

Table legend:
 A = Non-vault XP
 B = Vault XP
 C = Vault XP percentage of total XP
 D = Non-vault monster count
 E = Vault monster count
 F = Vault count percentage of total count
                 A         B        C        D         E       F
            +---------+---------+-------+---------+---------+-------
      Total |     104 |       0 |   0.0 |      38 |       0 |   0.0
            +---------+---------+-------+---------+---------+-------
        D:1 |      56 |       0 |   0.0 |      31 |       0 |   0.0
        D:2 |      48 |       0 |   0.0 |       7 |       0 |   0.0
            +---------+---------+-------+---------+---------+-------
